 Dungeon Crawl Stone Soup version 0.25-a0-734-g73332aeda9 (webtiles) character file.

Game seed: 18136331307349647335, levelgen mode: deterministic

664 ReteAZ the Spear-Bearer (level 7, -4/50 HPs)
             Began as a Merfolk Gladiator on Apr 10, 2020.
             Killed by divine providence
             ... invoked by an orc priest
              (14 damage)
             ... on level 5 of the Dungeon.
             The game lasted 00:07:24 (4823 turns).

ReteAZ the Spear-Bearer (Merfolk Gladiator)         Turns: 4823, Time: 00:07:25

Health: -4/50      AC:  4    Str: 14    XL:     7   Next: 57%
Magic:  7/7        EV: 11    Int:  8    God:
Gold:   153        SH:  9    Dex: 17    Spells: 6/6 levels left

rFire    . . .     SeeInvis .   a - +0 trident
rCold    . . .     Gourm    .   q - +2 kite shield
rNeg     . . .     Faith    .   b - +0 leather armour
rPois    .         Spirit   .   c - +0 helmet
rElec    .         Reflect  .   (no cloak)
rCorr    .         Harm     .   (no gloves)
MR       .....                  (no boots)
Stlth    +.........             (no amulet)
HPRegen  0.16/turn              (no ring)
MPRegen  0.10/turn              (no ring)

@: no status effects
A: change form in water, swift swim, stealthy swim
a: no special abilities


You were on level 5 of the Dungeon.
You were not hungry.

You visited 1 branch of the dungeon, and saw 5 of its levels.
You also visited: Sewer.

You collected 303 gold pieces.
You spent 150 gold pieces at shops.

Inventory:

Hand Weapons
 a - a +0 trident (weapon)
Missiles
 d - 3 throwing nets (quivered)
Armour
 b - a +0 leather armour (worn)
 c - a +0 helmet (worn)
 q - a +2 kite shield (worn)
Wands
 m - a wand of digging (6)
 w - a wand of polymorph (8)
 x - a wand of disintegration (12)
Scrolls
 e - 5 scrolls of identify {unknown}
 h - 5 scrolls of amnesia {unknown}
 n - a scroll of enchant armour {unknown}
 o - 5 scrolls of remove curse {unknown}
 r - a scroll of blinking {unknown}
 s - 2 scrolls of teleportation {unknown}
 v - a scroll of noise {unknown}
Potions
 g - 4 potions of flight
 i - 2 potions of brilliance {unknown}
 j - a potion of resistance {unknown}
 p - a potion of stabbing {unknown}
 t - a potion of haste {unknown}
 u - a potion of lignification {unknown}
 z - a potion of mutation {unknown}
Comestibles
 f - 10 rations


   Skills:
 - Level 2.1 Fighting
 * Level 10.3 Polearms
 + Level 4.9 Throwing
 - Level 4.0 Dodging


You had 6 spell levels left.
You didn't know any spells.
Your spell library was empty.

Dungeon Overview and Level Annotations

Branches:
Dungeon (5/15)              Sewer (visited)
 Temple: D:4-7

Altars:
Elyvilon
Hepliaklqana
Yredelemnul

Shops:
D:4 [   D:5 !

Annotations:
D:5 2 transporters, Vector13's ghost, novice MfGl


Message History

The orc priest misses you. The orc barely misses you.
You barely miss the orc priest.
The orc priest is heavily wounded.
The orc priest calls upon Beogh to heal the orc.
The orc's wounds heal themselves!
You block the orc's attack.
You hit the orc priest.
The orc priest is severely wounded.
The orc priest invokes the aid of Beogh against you.
Beogh smites you!
* * * LOW HITPOINT WARNING * * *
You hit the orc priest.
The orc priest is almost dead.
You block the orc's attack.
The orc priest calls down the wrath of Beogh upon you.
Pain shoots through your body!
* * * LOW HITPOINT WARNING * * *
You feel better. You block the orc's attack.
The orc priest calls down the wrath of Beogh upon you.
Beogh smites you!
You die... ... ##...o ## ###...... .. .(.. ##........ .... ...# ###[.......###... oo...

#....o#..#........(..##
##........#............## ##....#
#.......##......# ....#.##..#
#..@o......# ..........#
##...o.##...#
........#####.......##.#
.........###...........##
...........##...........###
..##.......#..............#####
...........................##.###
...##......)................#.#..
.................................


You could see an orc priest and an orc.

Vanquished Creatures
  An ice beast (D:4)
  An ogre (D:4)
  A big kobold (Sewer)
  A crimson imp (D:3)
  2 hounds (D:4)
  A jelly (D:5)
  4 orc priests
  2 worker ants (D:4)
  3 gnolls (D:4)
  An adder (D:2)
  A worm (D:3)
  A dart slug (D:2)
  10 orcs
  4 giant cockroaches
  4 hobgoblins
  10 jackals
  A quokka (D:4)
  3 ball pythons
  6 bats
  2 frilled lizards (D:2)
  7 goblins
  6 kobolds
  A quokka skeleton (D:3)
  14 rats
87 creatures vanquished.

Notes
Turn   | Place    | Note
-------+----------+-------------------------------------------
     0 | D:1      | ReteAZ the Merfolk Gladiator began the quest for the Orb.
     0 | D:1      | Reached XP level 1. HP: 16/16 MP: 1/1
   286 | D:1      | Reached XP level 2. HP: 22/22 MP: 2/2
   444 | D:1      | Reached skill level 5 in Polearms
   689 | D:2      | Found a hazy altar of Hepliaklqana.
   887 | D:2      | Reached XP level 3. HP: 16/27 MP: 3/3
  1494 | D:3      | Reached skill level 6 in Polearms
  1534 | D:3      | Reached XP level 4. HP: 19/33 MP: 4/4
  1589 | D:3      | Found a glowing drain.
  1685 | Sewer    | Entered a sewer
  1765 | Sewer    | Noticed a big kobold
  2214 | Sewer    | Killed a big kobold
  2214 | Sewer    | Reached skill level 7 in Polearms
  2214 | Sewer    | Reached XP level 5. HP: 25/38 MP: 5/5
  2348 | Sewer    | Found a white marble altar of Elyvilon.
  2694 | D:3      | Reached skill level 8 in Polearms
  3061 | D:3      | Found a faded altar of an unknown god.
  3159 | D:4      | Reached XP level 6. HP: 42/44 MP: 6/6
  3434 | D:4      | Noticed an ice beast
  3511 | D:4      | Reached skill level 9 in Polearms
  3582 | D:4      | Found a white marble altar of Elyvilon.
  3644 | D:4      | Found a basalt altar of Yredelemnul.
  3680 | D:4      | Found Imos's Antique Armour Shop.
  3685 | D:4      | Bought a runed kite shield for 150 gold pieces
  3948 | D:4      | Killed an ice beast
  3948 | D:4      | Reached XP level 7. HP: 32/50 MP: 7/7
  4060 | D:5      | Entered Level 5 of the Dungeon
  4060 | D:5      | Found a transporter.
  4060 | D:5      | Noticed Vector13's ghost (novice MfGl)
  4316 | D:5      | Found Fedim's Distillery.
  4729 | D:5      | Found a transporter.
  4792 | D:5      | Reached skill level 10 in Polearms
  4823 | D:5      | Killed from afar by an orc priest

Levels and vault maps discovered:
D:1:      dpeg_arrival_solitude, layout_loops_ring, serial_glass,
          glass_columns_c, glass_columns_a
D:2:      layout_basic, lemuel_round_altar, minmay_misc_feat_ornament,
          nrook_campfire, hangedman_decor_points
D:3:      layout_basic, first_ration, cheibrodos_sewer_entry_drain,
          chequers_ecumenical_altar_grove
D:4:      layout_basic, kennysheep_ying_yang, serial_shops, shop,
          hangedman_glass_teeth
D:5:      layout_cave_pools, gammafunk_ghost_smash, serial_shops,
          kennysheep_mini_moat

Skill      XL: |  1  2  3  4  5  6  7 |
---------------+----------------------+-----
Polearms       | 5 6 7 8 9 10 | 10.3
Throwing       | 3 4 |  4.9
Fighting       | |  2.1
Dodging        | |  4.0

Action                   |  1- 3 |  4- 6 |  7- 9 || total
-------------------------+-------+-------+-------++-------
Melee: Trident           |   108 |   170 |    38 ||   316
       Tailslap          |       |     3 |       ||     3
Throw: Dart              |       |     2 |     2 ||     4
       Throwing net      |       |     1 |       ||     1
  Use: Potion            |     2 |       |     3 ||     5
 Stab: Sleeping          |       |     1 |       ||     1
       Distracted        |       |     1 |       ||     1
  Eat: Chunk             |     2 |     7 |     1 ||    10
       Ration            |       |       |     1 ||     1
Armor: Leather armour    |    12 |    24 |     1 ||    37
Dodge: Dodged            |    42 |    75 |     9 ||   126
Block: Kite shield       |       |     5 |    19 ||    24

Table legend:
 A = Non-vault XP
 B = Vault XP
 C = Vault XP percentage of total XP
 D = Non-vault monster count
 E = Vault monster count
 F = Vault count percentage of total count
                 A         B        C        D         E       F
            +---------+---------+-------+---------+---------+-------
      Total |     837 |     112 |  11.8 |      74 |      13 |  14.9
            +---------+---------+-------+---------+---------+-------
        D:1 |      16 |       0 |   0.0 |      13 |       0 |   0.0
        D:2 |      46 |       0 |   0.0 |      19 |       0 |   0.0
        D:3 |     144 |       3 |   2.0 |      24 |       3 |  11.1
        D:4 |     456 |       0 |   0.0 |      13 |       0 |   0.0
        D:5 |     175 |       0 |   0.0 |       5 |       0 |   0.0
      Sewer |       0 |     109 | 100.0 |       0 |      10 | 100.0
            +---------+---------+-------+---------+---------+-------
